 Dungeon Crawl Stone Soup version 0.31.0-7-gf635a9b802 (webtiles) character file.

Game seed: 5951853779545403596

43 Arcadio the Skirmisher (level 3, -1/31 HPs)
             Began as a Gnoll Hunter on Jan 23, 2024.
             Slain by a goblin
             ... wielding a +0 dagger
             ... led by Robin
              (2 damage)
             ... on level 1 of the Dungeon.
             The game lasted 00:02:32 (1056 turns).

Arcadio the Skirmisher (Gnoll Hunter)               Turns: 1056, Time: 00:02:33

Health: -1/31      AC:  3    Str: 10    XL:     3   Next: 58%
Magic:  4/4        EV: 13    Int:  8    God:
Gold:   58         SH:  0    Dex: 17    Spells: 3/3 levels left

rFire   . . .        a - +0 shortbow
rCold   . . .        (shield currently unavailable)
rNeg    . . .        c - +0 leather armour
rPois   .            (no helmet)
rElec   .            (no cloak)
rCorr   .            (no gloves)
SInv    .            (no boots)
Will    .....        (no amulet)
Stlth   ++           (no ring)
HPRegen 0.25/turn    (no ring)
MPRegen 0.09/turn

%: no passive effects
@: no status effects
A: fangs 1, strong nose, distributed training
a: no special abilities


You were on level 1 of the Dungeon.
You visited 1 branch of the dungeon, and saw 2 of its levels.

You collected 58 gold pieces.

Inventory:

Hand Weapons
 a - a +0 shortbow (weapon)
Armour
 c - a +0 leather armour (worn)
Scrolls
 b - a scroll of butterflies
 e - a scroll of enchant weapon {unknown}
 f - a scroll of identify {unknown}
 g - a scroll of teleportation {unknown}
 h - a scroll of noise {unknown}
Potions
 d - a potion of degeneration {unknown}
 i - a potion of ambrosia {unknown}
 j - a potion of attraction {unknown}
 k - a potion of enlightenment {unknown}


   Skills:
 + Level 4.5 Fighting
 + Level 0.9 Short Blades
 + Level 0.9 Long Blades
 + Level 0.9 Axes
 + Level 0.9 Maces & Flails
 + Level 0.9 Polearms
 + Level 0.9 Staves
 + Level 8.5 Ranged Weapons
 + Level 0.9 Throwing
 + Level 0.9 Armour
 + Level 4.5 Dodging
 + Level 2.4 Stealth
 + Level 0.9 Shields
 + Level 0.9 Unarmed Combat
 + Level 0.9 Spellcasting
 + Level 0.6 Conjurations
 + Level 0.6 Hexes
 + Level 0.6 Summonings
 + Level 0.6 Necromancy
 + Level 0.6 Translocations
 + Level 0.6 Fire Magic
 + Level 0.6 Ice Magic
 + Level 0.6 Air Magic
 + Level 0.6 Earth Magic
 + Level 0.6 Alchemy
 + Level 1.0 Invocations
 + Level 0.9 Evocations
 + Level 0.7 Shapeshifting


You had 3 spell levels left.
You didn't know any spells.
Your spell library contained the following spells:

 Spells                   Type           Power      Damage    Failure   Level
 Freeze                   Ice            4%         1d3       38%         1
 Frozen Ramparts          Ice            2%         1d1       77%         3
 Hailstorm                Conj/Ice       1%         3d5       77%         3
 Stone Arrow              Conj/Erth      2%         3d7       77%         3
 Animate Armour           Summ/Erth      2%         N/A       99%         4
 Lehudib's Crystal Spear  Conj/Erth      0%         10d2      100%        8


Dungeon Overview and Level Annotations

Branches:
Dungeon (2/15)

Altars:

Annotations:
D:1 exclusion: downstairs
D:2 Robin, Sigmund


Innate Abilities, Weirdness & Mutations

You have very sharp teeth.
Your uncanny sense of smell can sniff out nearby items.
Your experience applies equally to all skills.


Message History

You shoot an arrow. The arrow hits the goblin.
You kill the goblin!
The goblin misses you.
You shoot an arrow. The arrow hits the goblin.
You kill the goblin!
Things that are here:
a +0 dagger; a +0 sling; a goblin corpse You start resting.
HP restored.
There is a stone staircase leading down here.
You climb downwards.
Level annotation: Robin, Sigmund Robin throws the goblin at you!
The goblin hits you with a +0 dagger. The goblin misses you.
The goblin hits you with a +0 club. The hobgoblin hits you.
The endoplasm jiggles.
The goblin hits you with a +0 dagger. x2; The goblin barely misses you.
Robin roars a battlecry!
The goblins go into a battle-frenzy!
The goblin hits you with a +0 dagger. The endoplasm barely misses you.
The goblin completely misses you. The goblin misses you.
The hobgoblin hits you. The goblin barely misses you.
There is a stone staircase leading up, spattered with blood here.
The endoplasm freezes you.
You are frozen.
The hobgoblin barely misses you. The goblin completely misses you.
The goblin hits you with a +0 dagger. The goblin barely misses you.
The goblin hits you with a +0 club.
* * * LOW HITPOINT WARNING * * *
The goblin misses you. The goblin hits you but does no damage.
You climb upwards.
Level annotation: exclusion: downstairs
There is a stone staircase leading down here.
You shoot an arrow. The arrow hits the goblin.
You kill the goblin!
The goblin barely misses you. The endoplasm hits you.
* * * LOW HITPOINT WARNING * * *
The hobgoblin hits you.
* * * LOW HITPOINT WARNING * * *
The goblin hits you with a +0 dagger.
You die...

#........########......#
#........########.#....##
######'#..........#..#..#
#.#.#.#######..#.#..
###.#.#..#......#...#.
#...#.#....#####.....#
#.###.#.##..#.........
#...J)#.###..#........
#..gg@g.###..#....<...
#...gg####..#.........
#####g####.#####.....#
#.#.........#...#.
#.#.#.#..##..#.#..
#.#.#.....#...#...
####.#.##..#.#.#...#.
#....#.............#.
##.##.).....#...#.....


You could see an endoplasm, a hobgoblin (strong) and 5 goblins.

Vanquished Creatures
  A dart slug (D:1)
  6 ball pythons (D:1)
  4 bats (D:1)
  6 endoplasms (D:1)
  6 goblins (D:1)
  2 hobgoblins (D:1)
  2 jackals (D:1)
  4 quokkas (D:1)
  2 frilled lizards (D:1)
  A kobold (D:1)
  2 rats (D:1)
36 creatures vanquished.

Notes
Turn   | Place    | Note
-------+----------+-------------------------------------------
     0 | D:1      | Arcadio the Gnoll Hunter began the quest for the Orb.
     0 | D:1      | Reached XP level 1. HP: 20/20 MP: 1/1
    56 | D:1      | Reached XP level 2. HP: 26/26 MP: 2/2
   285 | D:1      | Reached XP level 3. HP: 31/31 MP: 3/3
   582 | D:1      | Reached skill level 1 in Invocations
   946 | D:2      | Noticed Sigmund
  1029 | D:2      | Noticed Robin
  1056 | D:1      | HP: 1/31 [hobgoblin[Robin] (2)]
  1056 | D:1      | Slain by a goblin

Illustrated notes

Levels and vault maps discovered:
D:1:      scummos_arrival_star, layout_basic, reono_crystal_passage
D:2:      layout_rooms, uniq_terence, uniq_robin, uniq_sigmund

Skill      XL: |  1  2  3 |
---------------+----------+-----
Invocations    | 1 |  1.0
Fighting       | |  4.5
Short Blades   | |  0.9
Long Blades    | |  0.9
Axes           | |  0.9
Maces & Flails | |  0.9
Polearms       | |  0.9
Staves         | |  0.9
Ranged Weapons | |  8.5
Throwing       | |  0.9
Armour         | |  0.9
Dodging        | |  4.5
Stealth        | |  2.4
Shields        | |  0.9
Unarmed Combat | |  0.9
Spellcasting   | |  0.9
Conjurations   | |  0.6
Hexes          | |  0.6
Summonings     | |  0.6
Necromancy     | |  0.6
Translocations | |  0.6
Fire Magic     | |  0.6
Ice Magic      | |  0.6
Air Magic      | |  0.6
Earth Magic    | |  0.6
Alchemy        | |  0.6
Evocations     | |  0.9
Shapeshifting  | |  0.7

Action                     || total
---------------------------++-------
   Fire: Shortbow          ||   103
 Armour: Leather armour    ||    38
  Dodge: Dodged            ||    43
